 Seeded DCSS version 0.29.1 (webtiles) character file.

Game seed: 14428118820870677870 (custom seed)

34 GigaChad the Shield-Bearer (level 3, -3/33 HPs)
             Began as a Minotaur Fighter on Sept 14, 2022.
             Slain by a gnoll
             ... wielding a +3 spear
              (5 damage)
             ... on level 2 of the Dungeon.
             The game lasted 00:00:57 (669 turns).

GigaChad the Shield-Bearer (Minotaur Fighter)        Turns: 669, Time: 00:00:57

Health: -3/33      AC:  7    Str: 22    XL:     3   Next: 14%
Magic:  2/2        EV:  9    Int:  5    God:
Gold:   17         SH:  4    Dex:  9    Spells: 2/2 levels left

rFire   . . .      SeeInvis .   a - +0 long sword
rCold   . . .      Faith    .   c - +0 buckler
rNeg    . . .      Spirit   .   b - +0 scale mail
rPois   .          Reflect  .   (helmet restricted)
rElec   .          Harm     .   (no cloak)
rCorr   .          Rampage  .   (no gloves)
Will    .....                   (no boots)
Stlth   ..........              (no amulet)
HPRegen 0.11/turn               (no ring)
MPRegen 0.08/turn               (no ring)

@: no status effects
A: horns 2, retaliatory headbutt
a: no special abilities


You were on level 2 of the Dungeon.
You visited 1 branch of the dungeon, and saw 2 of its levels.

You collected 17 gold pieces.

Inventory:

Hand Weapons
 a - a +0 long sword (weapon)
Armour
 b - a +0 scale mail (worn)
 c - a +0 buckler (worn)
Potions
 d - a potion of might
 e - 2 potions of heal wounds {unknown}
 f - a potion of magic {unknown}


   Skills:
 + Level 4.1 Fighting
 + Level 2.6 Long Blades
 + Level 4.1 Armour
 + Level 4.3 Shields


You had 2 spell levels left.
You didn't know any spells.
Your spell library was empty.

Dungeon Overview and Level Annotations

Branches:
Dungeon (2/15)

Altars:


Innate Abilities, Weirdness & Mutations

You have a pair of horns on your head.
You reflexively headbutt those who attack you in melee.


Message History

The gnoll is almost dead.
The gnoll hits you with a +0 spear. You block the gnoll's attack.
You closely miss the gnoll. You headbutt the gnoll.
You kill the gnoll!
Your Shields skill increases to level 4!
You hit the gnoll.
You headbutt the gnoll, but do no damage.
The gnoll is moderately wounded.
A gnoll comes into view. It is wielding a +3 spear.
The gnoll closely misses you. You furiously retaliate!
You headbutt the gnoll, but do no damage.
You closely miss the gnoll.
The gnoll is moderately wounded.
The gnoll shouts!
The gnoll hits you but does no damage.
A gnoll comes into view. It is wielding a +0 flail.
The gnoll hits you with a +0 whip.
You barely miss the gnoll.
The gnoll is moderately wounded.
The gnoll hits you from afar with a +3 spear!
The gnoll barely misses you. You furiously retaliate!
You headbutt the gnoll!
You kill the gnoll!
Your Fighting skill increases to level 4!
You have reached level 3!
Your experience leads to an increase in your attributes!
Increase (S)trength, (I)ntelligence, or (D)exterity?
You feel stronger. x2
The endoplasm attacks as you move away! The endoplasm hits you.
You hit the endoplasm but do no damage. You headbutt the endoplasm.
You kill the endoplasm!
The gnoll hits you with a +3 spear.
* * * LOW HITPOINT WARNING * * *
You hit the gnoll.
The gnoll is lightly wounded.
The gnoll closely misses you. The gnoll hits you with a +3 spear!
* * * LOW HITPOINT WARNING * * *
You hit the gnoll.
The gnoll is heavily wounded.
The gnoll hits you with a +3 spear.
You die...

###### #....#### ##'##....#
##8.8##...# . ##.....##..##
.[# ##8.....8##..# #.. ...#
##.........##.# #..
#..#8.........8#.# ..
#gg@..........†.# ...
#.##8.........8### #####.#
##.........## .. ...#
#####8.....8## .#
#.########...##...).##
.####....†.......###8.8##
...##....).........##'##
.#.##..##..........##.#####.#
.....†.##.##.......##.......#


You could see 2 gnolls.

Vanquished Creatures
  2 gnolls (D:2)
  An endoplasm (D:2)
  A goblin (D:2)
  A hobgoblin (D:2)
  A kobold (D:2)
  2 quokkas (D:2)
  2 bats (D:2)
  A frilled lizard (D:2)
  4 rats (D:2)
15 creatures vanquished.

Notes
Turn   | Place    | Note
-------+----------+-------------------------------------------
     0 | D:1      | GigaChad the Minotaur Fighter began the quest for the Orb.
     0 | D:1      | Reached XP level 1. HP: 19/19 MP: 0/0
   179 | D:2      | Reached XP level 2. HP: 22/27 MP: 1/1
   665 | D:2      | Reached XP level 3. HP: 16/33 MP: 2/2
   669 | D:2      | Slain by a gnoll

Illustrated notes

Levels and vault maps discovered:
D:1:      dpeg_arrival_lava_temple_mockup, layout_loops_corners,
          ebering_ecumenical_altar_hall, minmay_stone_trees_medium,
          chequers_serial_rivers_room_b
D:2:      layout_loops_cross, basic_altar, dk_noncrumbling_4, minivault_4,
          uniq_sigmund

Skill      XL: |  1  2 |
---------------+-------+-----
Armour         | 4 |  4.1
Shields        | 4 |  4.3
Fighting       | 4 |  4.1
Long Blades    | |  2.6

Action                   || total
-------------------------++-------
Melee: Long sword        ||    31
       Headbutt          ||     9
Armor: Scale mail        ||    20
Dodge: Dodged            ||    24
Block: Buckler           ||     6
